 Dungeon Crawl Stone Soup version 0.27-a0-1065-ge809cff456 (webtiles) character file.

Game seed: 16862946848666333383

286 siradein the Gusty (level 6, -4/41 HPs)
             Began as a Vampire Air Elementalist on Apr 22, 2021.
             Was an Initiate of Vehumet.
             Slain by Duvessa
             ... wielding a +0 rapier
              (6 damage)
             ... on level 4 of the Dungeon.
             The game lasted 00:18:16 (4342 turns).

siradein the Gusty (Vampire Air Elementalist)       Turns: 4342, Time: 00:18:17

Health: -4/41      AC:  5    Str:  7    XL:     6   Next: 8%
Magic:  1/11       EV: 12    Int: 20    God:    Vehumet [......]
Gold:   162        SH:  0    Dex: 14    Spells: 2/12 levels left

rFire    . . .     SeeInvis +   v - +2 mace (protect)
rCold    . . .     Faith    .   (no shield)
rNeg     . . .     Spirit   .   a - +0 robe
rPois    .         Reflect  .   (no helmet)
rElec    .         Harm     .   (no cloak)
rCorr    +         Rampage  .   (no gloves)
Will     .....                  p - +2 pair of boots
Stlth    ++........             (no amulet)
HPRegen  0.33/turn              o - ring of resist corrosion
MPRegen  0.12/turn              (no ring)

@: regenerating quickly
A: alive, fangs 3, see invisible, unbreathing 1, vampiric 2
a: Exsanguinate, Renounce Religion


You were on level 4 of the Dungeon.
You worshipped Vehumet.
Vehumet was noncommittal.
You visited 2 branches of the dungeon, and saw 5 of its levels.

You collected 162 gold pieces.

Inventory:

Hand Weapons
 v - a +2 mace of protection (weapon)
Missiles
 f - 8 atropa-tipped darts
Armour
 a - a +0 robe (worn)
 p - a +2 pair of boots (worn)
Jewellery
 o - a ring of resist corrosion (left hand)
 u - an amulet of guardian spirit
Wands
 n - a wand of digging (6)
 t - a wand of iceblast (11)
Scrolls
 b - 2 scrolls of magic mapping {unknown}
 c - a scroll of blinking {unknown}
 e - a scroll of fog {unknown}
 h - 2 scrolls of immolation {unknown}
 i - a scroll of vulnerability {unknown}
 k - a scroll of amnesia {unknown}
 m - 2 scrolls of teleportation {unknown}
 s - 2 scrolls of enchant armour {unknown}
Potions
 d - a potion of heal wounds
 g - 2 potions of cancellation
 j - 2 potions of curing
 l - 4 potions of flight
 q - 3 potions of attraction {unknown}


   Skills:
 - Level 2.1 Dodging
 - Level 3.0 Stealth
 + Level 3.7 Spellcasting
 + Level 2.6 Conjurations
 + Level 4.6 Air Magic


You had 2 spell levels left.
You knew the following spells:

 Your Spells              Type           Power      Damage    Failure   Level
a - Shock                 Conj/Air       72%        1d7       3%          1
b - Static Discharge      Conj/Air       18%        N/A       4%          2
c - Airstrike             Air            11%        N/A       21%         4
d - Swiftness             Air            22%        N/A       6%          3

Your spell library contained the following spells:

 Spells                   Type           Power      Damage    Failure   Level
 Magic Dart               Conj           56%        1d5       4%          1
 Searing Ray              Conj           28%        3d4       7%          2
 Corona                   Hex            3%         N/A       13%         1
 Ensorcelled Hibernation  Hex/Ice        6%         N/A       21%         2
 Dazzling Flash           Conj/Hex       18%        N/A       22%         3
 Confusing Touch          Hex            3%         N/A       36%         3
 Tukima's Dance           Hex            3%         N/A       36%         3
 Fulminant Prism          Conj/Hex       4%         3d6       58%         4
 Iskenderun's Mystic Bla  Conj/Tloc      9%         2d4       58%         4
 Lightning Bolt           Conj/Air       9%         1d21      63%         5


Dungeon Overview and Level Annotations

Branches:
Dungeon (4/15)             Temple (1/1) D:4

Altars:
Ashenzari
Cheibriados
Dithmenos
Elyvilon
Makhleb
Nemelex Xobeh
Okawaru
Qazlal
Sif Muna
Trog
Uskayaw
Vehumet
Wu Jian
Xom
Yredelemnul
The Shining One

Annotations:
D:4 Dowan, Duvessa


Innate Abilities, Weirdness & Mutations

Your natural rate of healing is accelerated.
You have razor-sharp teeth.
You have supernaturally acute eyesight. (SInv)
You can survive without breathing.
You are afflicted with vampirism and can become a bat while bloodless.


Message History

Duvessa is moderately wounded.
Dowan hits you with a +0 dagger. Duvessa hits you with a +0 rapier.
Aiming: Shock (safe; 3% risk of failure)
Press: ? - help, Q - select action, (/) - cycle Shift-Dir - straight line The zap misses Duvessa.
The zap hits Duvessa.
Duvessa is moderately wounded.
Dowan drinks a potion.
Dowan flickers and vanishes for a moment.
Duvessa hits you with a +0 rapier.
Your magical contamination has completely faded away.
Aiming: Shock (safe; 3% risk of failure)
Press: ? - help, Q - select action, (/) - cycle Shift-Dir - straight line The zap hits Duvessa but does no damage.
Duvessa is moderately wounded.
The zap hits Duvessa.
Duvessa is heavily wounded.
Dowan mumbles some strange words.
Dowan blinks!
Duvessa closely misses you.
Aiming: Shock (safe; 3% risk of failure)
Press: ? - help, Q - select action, (/) - cycle Shift-Dir - straight line The zap hits Duvessa.
Duvessa is heavily wounded.
The zap hits Duvessa.
Duvessa is heavily wounded.
Duvessa hits you with a +0 rapier.
* * * LOW HITPOINT WARNING * * *
Dowan points at Duvessa and mumbles some strange words.
Duvessa seems to speed up.
Dowan gestures wildly while chanting.
Dowan blinks!
Duvessa barely misses you. Duvessa says, "Did you see that move?
Perfect!"
Duvessa hits you with a +0 rapier!
* * * LOW HITPOINT WARNING * * *
Duvessa barely misses you. Dowan casts a spell at you.
The puff of frost hits you.
* * * LOW HITPOINT WARNING * * *
Duvessa hits you with a +0 rapier.
You die...

#### ##..# #...# #...##
.. .....##..##....# .#
#........ #....#
.####......# #.@#####
.....>.....#####e....##
...........#....l.....#
..........#......#...##
...........>....##....#
........).......#.....##
.......................#
...........e........#..#
...................##[.#


You could see Duvessa (fast), Dowan (invisible) and an iguana.

Vanquished Creatures
  A centaur zombie (D:4)
  2 jellies (D:3)
  Natasha (thrice) (D:4)
  4 adders
  An ufetubus (D:4)
  2 adder skeletons (D:4)
  2 dart slugs (D:2)
  2 orcs (D:4)
  2 ball pythons (D:4)
  13 endoplasms
  3 giant cockroaches
  5 goblins
  4 hobgoblins
  2 quokkas
  7 bats
  3 frilled lizards
  11 kobolds
  6 rats
73 creatures vanquished.

Vanquished Creatures (others)
  11 fungi (D:3)
  6 toadstools (D:3)
17 creatures vanquished.

Grand Total: 90 creatures vanquished

Notes
Turn   | Place    | Note
-------+----------+-------------------------------------------
     0 | D:1      | siradein the Vampire Air Elementalist began the quest for
                  | the Orb.
     0 | D:1      | Reached XP level 1. HP: 13/13 MP: 3/3
   392 | D:1      | Reached skill level 1 in Conjurations
   521 | D:1      | Reached XP level 2. HP: 19/19 MP: 1/5
  1326 | D:2      | Gained mutation: You are afflicted with vampirism and can
                  | become a bat while bloodless. [Vampire growth]
  1326 | D:2      | Reached XP level 3. HP: 24/24 MP: 0/6
  2041 | D:2      | Found a stormy altar of Qazlal.
  2450 | D:3      | Found a stormy altar of Qazlal.
  2504 | D:3      | Reached XP level 4. HP: 30/30 MP: 6/8
  2859 | D:3      | Reached skill level 4 in Air Magic
  2897 | D:3      | Reached XP level 5. HP: 35/35 MP: 4/9
  3302 | D:3      | Found a faded altar of an unknown god.
  3340 | D:4      | Learned a level 2 spell: Static Discharge
  3345 | D:4      | Learned a level 4 spell: Airstrike
  3349 | D:4      | Learned a level 3 spell: Swiftness
  3364 | D:4      | Noticed Natasha
  3373 | D:4      | Killed Natasha
  3511 | D:4      | Noticed Natasha
  3591 | D:4      | Killed Natasha
  3794 | D:4      | Found a staircase to the Ecumenical Temple.
  3813 | Temple   | Entered the Ecumenical Temple
  3889 | Temple   | Became a worshipper of Vehumet
  4039 | D:4      | Noticed Natasha
  4064 | D:4      | Killed Natasha
  4065 | D:4      | Reached XP level 6. HP: 15/41 MP: 4/11
  4310 | D:4      | Noticed Duvessa
  4311 | D:4      | Noticed Dowan
  4341 | D:4      | HP: 2/41 [Dowan/puff of frost (3)]
  4342 | D:4      | Slain by Duvessa

Illustrated notes

Levels and vault maps discovered:
D:1:      dpeg_arrival_lava_altar, layout_basic, chequers_serial_rivers_micro_c,
          hangedman_decor_points
D:2:      layout_loops_ring, basic_altar
D:3:      cheibrodos_fertilizer, layout_basic, nicolae_qazlal_scattered_showers,
          shapermc_ecumenical_altar_venn
D:4:      layout_cave_pools, temple_fountains, kennysheep_generic_room_14,
          uniq_duvessa, uniq_natasha
Temple:   regret_index_temple_waves

Skill      XL: |  1  2  3  4 |
---------------+-------------+-----
Conjurations   | 1 2 |  2.6
Spellcasting   | 3 |  3.7
Air Magic      | 4 |  4.6
Dodging        | |  2.1
Stealth        | |  3.0

Action                   |  1- 3 |  4- 6 || total
-------------------------+-------+-------++-------
Melee: Unarmed           |    18 |       ||    18
       Mace              |       |     3 ||     3
 Cast: Shock             |    81 |   103 ||   184
  Use: Scroll            |     4 |       ||     4
Armor: Robe              |    29 |    14 ||    43
Dodge: Dodged            |    61 |    30 ||    91

Table legend: (Time is in decaauts)
 A = Elapsed time spent in this place.
 B = Non-inter-level travel time spent in this place.
 C = Inter-level travel time spent in this place.
 D = Time resting spent in this place.
 E = Time spent auto-exploring this place.
 F = Levels seen in this place.
 G = Mean time per level.
                   A        B        C        D        E       F      G
               +--------+--------+--------+--------+--------+-----+--------+
         Total |   4354 |   4184 |    170 |    147 |   3430 |   5 |  870.8 |
       Dungeon |   4207 |   4107 |    100 |    147 |   3358 |   4 | 1051.8 |
        Temple |    146 |     76 |     70 |      0 |     72 |   1 |  146.0 |
               +--------+--------+--------+--------+--------+-----+--------+

Top non-repeatable levels by time:
     D:1: 1144 daAuts
     D:3: 1108 daAuts
     D:2: 1081 daAuts
     D:4: 872 daAuts
  Temple: 146 daAuts
